cohdb
Replays
Latest Replays
All Replays
Popular Replays
Top Player Replays
Match Explorer
How It Works
Community
CoH3 Stats
Reddit
Sign in to upload your games and track your stats! →
Sign in with Steam
Match 46871847
Unlisted
Match 46871847
Overview
Messages
Build Orders
End
Royal Engineer Section
Construct Section Command Post
Dingo Light Scout Car
Infantry Section
Construct Field Infirmary
Infantry Section
Construct Platoon Command Post
Unlock M3 Stuart Light Tanks
M3 Stuart Light Tank
6-pounder Anti-tank Gun Team
Grenade Package
M3 Stuart Light Tank
Light Vehicle Training
Vickers Machine Gun Team
6-pounder Anti-tank Gun Team
SimplyFinny
MasterStef
不吃芹菜
Q
0
0
Comments
sign in to comment!
No comments posted yet!